 Dungeon Crawl Stone Soup version 0.20.0-7-g3b7b877 (webtiles) character file.

475 Hasart the Skirmisher (level 7, 0/49 HPs)
             Began as an Octopode Fighter on May 29, 2017.
             Slain by an ice beast (4 damage)
             ... on level 4 of the Dungeon.
             The game lasted 00:06:49 (3740 turns).

Hasart the Skirmisher (Octopode Fighter)            Turns: 3740, Time: 00:06:50

Health: 0/49       AC:  1    Str: 17    XL:     7   Next: 10%
Magic:  7/7        EV: 12    Int: 10    God:
Gold:   192        SH:  9    Dex: 12    Spells: 6/6 levels left

rFire    x . .     SeeInvis .   x - +1 spear (pierce)
rCold    + . .     Gourm    .   b - +0 shield
rNeg     . . .     Faith    .   (helmet restricted)
rPois    .         Spirit   .   (no amulet)
rElec    .         Reflect  .   y - ring of ice
rCorr    .         Harm     .   t - ring of protection from magic
MR       +....                  (no ring)
Stlth    ++........             (no ring)
Regen    0.2/turn               (no ring)
MPRegen  0.1/turn               (no ring)
                                (no ring)
                                (no ring)

@: no status effects
A: almost no armour, stealthy swim, amphibious, 8 rings, constrict 8, camouflage
1, gelatinous body 1
a: no special abilities


You were on level 4 of the Dungeon.
You were not hungry.

You visited 1 branch of the dungeon, and saw 4 of its levels.

You collected 192 gold pieces.

Inventory:

Hand Weapons
 a - a +0 trident
 x - a +1 spear of piercing (weapon)
Armour
 b - a +0 shield (worn)
Jewellery
 p - an uncursed ring of fire
 t - a ring of protection from magic (right tentacle)
 y - a ring of ice (left tentacle)
Wands
 u - a wand of iceblast (13/15)
 w - a wand of disintegration (9/24)
Scrolls
 e - 2 scrolls of random uselessness {unknown}
 f - a scroll of teleportation {unknown}
 i - 2 scrolls of amnesia {unknown}
 j - a scroll of immolation {unknown}
 k - a scroll of enchant weapon {unknown}
 l - a scroll of magic mapping {unknown}
 m - a scroll of enchant armour {unknown}
 n - 2 scrolls of identify
Potions
 c - a potion of might
 h - a potion of curing
 q - 2 potions of mutation {unknown}
 r - a potion of brilliance {unknown}
 s - a potion of lignification {unknown}
 v - a potion of heal wounds {unknown}
 z - 3 potions of haste {unknown}
 A - a potion of cancellation {unknown}
 B - 2 potions of resistance {unknown}
Comestibles
 d - 4 bread rations
 g - a meat ration
 o - 2 fruits


   Skills:
 + Level 4.7 Fighting
 * Level 4.5 Polearms
 + Level 4.2 Dodging
 + Level 4.5 Shields


You had 6 spell levels left.
You didn't know any spells.

Dungeon Overview and Level Annotations

Branches:
Dungeon (4/15)
 Temple: D:4-7

Altars:


Innate Abilities, Weirdness & Mutations

You cannot wear most types of armour.
You are very stealthy in the water. (Stealth+)
You are amphibious.
You can wear up to eight rings at the same time.
You can use your tentacles to constrict eight enemies at once.
Your skin changes colour to match your surroundings (Stealth+).
Your rubbery body absorbs attacks. (AC +1, EV +1)


Message History

Unknown command.
You hit the ice beast but do no damage.
The ice beast is moderately wounded.
You block the ice beast's attack.
You barely miss the ice beast. You squeeze the ice beast.
The ice beast is heavily wounded.
You closely miss the ice beast.
The ice beast is heavily wounded.
The ice beast hits you. The ice beast freezes you. You resist.
* * * LOW HITPOINT WARNING * * *
You hit the ice beast but do no damage. You squeeze the ice beast!
The ice beast is severely wounded.
The ice beast hits you.
* * * LOW HITPOINT WARNING * * *
The ice beast freezes you. You resist.
* * * LOW HITPOINT WARNING * * *
You hit the ice beast but do no damage.
The ice beast is severely wounded.
The ice beast hits you.
You die...

#.........#.#
########.###......#
#.................##
#.####.....####....## #
#.#[.##...##..#.....####
##.#...##[##...#......(<.
##..##...#.#†..##.........
##....##.Y#.#).##..........
#......###@..###......)....
##..........8..........<....
###.......###...###...#.......
#.<......## +#.#'.##....)...#.
#........## #.#...##......###
##.......# ##.##...#......##.
........# ##...##..#.##......
.........####.....####.##......
#####...................##..##..


You could see an ice beast.

Vanquished Creatures
  An ogre (D:4)
  A scorpion (D:3)
  An iguana (D:4)
  3 worker ants (D:4)
  A hound skeleton (D:4)
  3 gnolls
  9 adders
  An ooze (D:1)
  7 worms
  3 dart slugs
  6 leopard geckos
  4 orcs
  3 ball pythons
  A giant cockroach (D:2)
  8 goblins
  9 hobgoblins
  7 jackals
  9 kobolds
  A quokka (D:2)
  4 bats
  3 frilled lizards
  2 jackal skeletons (D:4)
  6 rats
93 creatures vanquished.

Notes
Turn   | Place    | Note
-------+----------+-------------------------------------------
     0 | D:1      | Hasart the Octopode Fighter began the quest for the Orb.
     0 | D:1      | Reached XP level 1. HP: 16/16 MP: 1/1
   199 | D:1      | Reached XP level 2. HP: 21/21 MP: 2/2
   456 | D:1      | Reached XP level 3. HP: 21/26 MP: 3/3
   925 | D:2      | Reached XP level 4. HP: 9/32 MP: 4/4
  1616 | D:3      | Reached XP level 5. HP: 11/37 MP: 5/5
  2792 | D:4      | Reached XP level 6. HP: 29/43 MP: 6/6
  3673 | D:4      | Reached XP level 7. HP: 48/49 MP: 7/7
  3740 | D:4      | Slain by an ice beast

Skill      XL: |  1  2  3  4  5  6 |
---------------+-------------------+-----
Polearms       | 3 4 |  4.5
Fighting       | 4 |  4.7
Shields        | 4 |  4.5
Dodging        | 4 |  4.2

Action                   |  1- 3 |  4- 6 |  7- 9 || total
-------------------------+-------+-------+-------++-------
Melee: Trident           |    67 |   143 |       ||   210
       Constrict         |    12 |    40 |     2 ||    54
       Tentacles         |     8 |    24 |     5 ||    37
       Spear             |       |     3 |    19 ||    22
Evoke: Wand              |       |     2 |       ||     2
  Use: Potion            |       |     3 |       ||     3
       Scroll            |       |     1 |       ||     1
 Stab: Sleeping          |     5 |     2 |       ||     7
  Eat: Chunk             |       |     9 |       ||     9
Armor: Skin              |     3 |     7 |       ||    10
Dodge: Dodged            |    32 |    67 |     2 ||   101
Block: Shield            |    26 |    51 |     6 ||    83
